 Dungeon Crawl Stone Soup version 0.26-a0-597-gb535b0901c (webtiles) character file.

Game seed: 17488934723380161938

133 HoaS the Shield-Bearer (level 5, -2/41 HPs)
             Began as a Formicid Fighter on Aug 29, 2020.
             Succumbed to a kobold's poison
             ... in a sewer.
             The game lasted 00:03:56 (1326 turns).

HoaS the Shield-Bearer (Formicid Fighter)           Turns: 1326, Time: 00:03:58

Health: -2/41      AC:  6    Str: 21    XL:     5   Next: 40%
Magic:  5/5        EV:  8    Int:  8    God:
Gold:   217        SH:  9    Dex: 10    Spells: 4/4 levels left

rFire    . . .     SeeInvis +   a - +2 quarterstaff
rCold    . . .     Faith    .   c - +0 kite shield
rNeg     . . .     Spirit   .   b - +0 scale mail
rPois    .         Reflect  .   (helmet unavailable)
rElec    .         Harm     .   (no cloak)
rCorr    .                      (no gloves)
MR       .....                  (no boots)
Stlth    ..........             (no amulet)
HPRegen  0.13/turn              (no ring)
MPRegen  0.09/turn              (no ring)

@: lethally poisoned (-2 -> -54), very slow
A: permanent stasis, dig shafts and tunnels, four strong arms, antennae 3
a: Dig, Shaft Self


You were in a sewer.
You visited 1 branch of the dungeon, and saw 3 of its levels.
You also visited: Sewer.

You collected 217 gold pieces.

Inventory:

Hand Weapons
 a - a +2 quarterstaff (weapon)
Armour
 b - a +0 scale mail (worn)
 c - a +0 kite shield (worn)
Potions
 d - a potion of might
 e - a potion of heal wounds {unknown}
 f - 3 potions of curing
 g - 2 potions of flight {unknown}
 h - a potion of haste {unknown}
 i - 3 potions of brilliance {unknown}
 j - a potion of resistance {unknown}


   Skills:
 - Level 3.2 Fighting
 * Level 4.4 Staves
 - Level 3.2 Armour
 + Level 4.9 Shields


You had 4 spell levels left.
You didn't know any spells.
Your spell library was empty.

Dungeon Overview and Level Annotations

Branches:
Dungeon (3/15)              Sewer (1/1)

Altars:
Vehumet


Innate Abilities, Weirdness & Mutations

You cannot be hasted, slowed, berserked, paralysed or teleported.
You can dig through walls and to a lower floor.
Your four strong arms can wield two-handed weapons with a shield.
You have a pair of large antennae on your head. (SInv)


Message History

The adder is heavily wounded.
You feel very sick. The frilled lizard bites you.
The kobold hits you with a +2 dagger of venom.
You are more poisoned.
The adder bites you but does no damage.
You sock the adder!
You kill the adder!
You feel very sick. The frilled lizard barely misses you.
The kobold hits you with a +2 dagger of venom.
* * * LOW HITPOINT WARNING * * *
You are more poisoned.
You block the frilled lizard's attack. The kobold hits you but does no damage.
You are more poisoned.
* * * LOW HITPOINT WARNING * * *
You feel extremely sick.
Found a potion of curing.
You see here an adder corpse.
You die...

#≈≈####
#≈≈≈≈≈##
#≈≈≈≈≈≈#
#.≈≈≈≈≈#
..#≈#≈.≈.≈≈##
#P.P..∩∩.≈..#
###...≈..≈..#
##########...#
#!≈≈≈≈≈@†lK..#
##########..P#
..≈.# ≈≈≈.##
.....# ≈l....#
{ #≈#...≈#
#≈#≈≈...


You could see a kobold and a frilled lizard.

Vanquished Creatures
  An orc priest (D:3)
  An orc wizard (D:3)
  3 adders
  A worm (D:3)
  3 dart slugs
  2 leopard geckos (D:2)
  An orc (D:3)
  4 ball pythons
  6 bats
  5 giant cockroaches
  4 goblins (D:2)
  5 hobgoblins
  5 kobolds
  A frilled lizard (D:2)
  8 rats
50 creatures vanquished.

Vanquished Creatures (others)
  4 plants (Sewer)
4 creatures vanquished.

Grand Total: 54 creatures vanquished

Notes
Turn   | Place    | Note
-------+----------+-------------------------------------------
     0 | D:1      | HoaS the Formicid Fighter began the quest for the Orb.
     0 | D:1      | Reached XP level 1. HP: 18/18 MP: 1/1
    96 | D:1      | Reached XP level 2. HP: 21/24 MP: 2/2
   405 | D:2      | Reached XP level 3. HP: 28/29 MP: 3/3
   449 | D:2      | Found a radiant altar of Vehumet.
   720 | D:2      | Reached XP level 4. HP: 35/35 MP: 4/4
  1100 | D:3      | Reached XP level 5. HP: 37/41 MP: 5/5
  1274 | D:3      | Found a glowing drain.
  1305 | Sewer    | Entered a sewer
  1326 | Sewer    | Succumbed to a kobold's poison

Illustrated notes

Levels and vault maps discovered:
D:1:      psy_arrival_terrarium, layout_rooms, st_stairs_12
D:2:      layout_basic, lemuel_crystal_altar, minmay_hexomino_u4
D:3:      layout_basic, old_standard_altar, minitemple, portal_sewer_entry_c,
          uniq_jessica
Sewer:    sewer_co_scattered_pipes

Skill      XL: |  1  2  3  4 |
---------------+-------------+-----
Shields        | 4 |  4.9
Staves         | 3 4 |  4.4
Fighting       | |  3.2
Armour         | |  3.2

Action                   |  1- 3 |  4- 6 || total
-------------------------+-------+-------++-------
Melee: Quarterstaff      |    73 |    60 ||   133
  Use: Scroll            |     5 |     3 ||     8
Armor: Scale mail        |    35 |    32 ||    67
Dodge: Dodged            |    26 |    38 ||    64
Block: Kite shield       |    37 |    30 ||    67

Table legend: (Time is in decaauts)
 A = Elapsed time spent in this place.
 B = Non-inter-level travel time spent in this place.
 C = Inter-level travel time spent in this place.
 D = Time resting spent in this place.
 E = Time spent auto-exploring this place.
 F = Levels seen in this place.
 G = Mean time per level.
                   A        B        C        D        E       F      G
               +--------+--------+--------+--------+--------+-----+--------+
         Total |   1359 |   1330 |     29 |     64 |    867 |   4 |  339.8 |
       Dungeon |   1335 |   1306 |     29 |     64 |    866 |   3 |  445.0 |
         Sewer |     24 |     24 |      0 |      0 |      1 |   1 |   24.0 |
               +--------+--------+--------+--------+--------+-----+--------+

Top non-repeatable levels by time:
     D:2: 660 daAuts
     D:1: 407 daAuts
     D:3: 267 daAuts
   Sewer: 24 daAuts
